cohdb
Replays
Latest Replays
All Replays
Popular Replays
Top Player Replays
Match Explorer
How It Works
Community
CoH3 Stats
Reddit
Sign in to upload your games and track your stats! →
Sign in with Steam
Match 42096224
Unlisted
Match 42096224
Overview
Messages
Build Orders
End
Kradschützen Motorcycle Team
Panzerpioneer Squad
Selects Panzerjäger Kommand Battlegroup
Selects Mine Fields
Panzergrenadier Squad
Panzergrenadier Squad
Panzergrenadier Squad
Construct Light Support Kompanie
Fire Support Elements
Selects Defensive Positions
Assault Mechanized Group
Panzerjäger Squad
2.5-tonne Medical Truck
Selects Tank Busters
Construct Mechanized Kompanie
FoolishViceroy
Kitsuné
0
0
Comments
sign in to comment!
No comments posted yet!